 Dungeon Sprint DCSS version 0.18-a0-1800-gdc7a371 (webtiles) character file.

142 Moloch the Cleaver (level 5, 0/48 HPs)
             Began as a Gargoyle Berserker on Apr 24, 2016.
             Was a Priest of Trog.
             Slain by an ice devil (5 damage)
             ... summoned by a kobold demonologist
             ... in the Dungeon (Sprint III: "The Ten Rune Challenge").
             The game lasted 00:01:07 (364 turns).

Moloch the Cleaver (Gargoyle Berserker)              Turns: 364, Time: 00:01:09

Health: 0/48       AC:  6    Str: 25    XL:     5   Next: 24%
Magic:  5/5        EV: 12    Int:  8    God:    Trog [***...]
Gold:   42         SH:  0    Dex: 10    Spells: 0 memorised, 4 levels left

rFire  . . .     SeeInvis .     a - +0 hand axe
rCold  . . .     Gourm    .     b - +0 animal skin
rNeg   + . .     Faith    .     (no shield)
rPois  ∞         Spirit   .     (no helmet)
rElec  +         Dismiss  .     (no cloak)
rCorr  .         Reflect  .     (no gloves)
SustAt .         Harm     .     (no boots)
MR     .....     NoTele   +     (no amulet)
Stlth  ..........               (no ring)
                                (no ring)

@: berserking, very quick, not resistant to hostile enchantments, extremely
unstealthy
A: negative energy resistance 1, electricity resistance, unbreathing,
petrification resistance, rot immunity, AC +4
a: Berserk, Trog's Hand, Burn Spellbooks, Renounce Religion


You were in the Dungeon.
You worshipped Trog.
Trog was most pleased with you.
You were hungry.

You visited 1 branch You collected 42 gold pieces.

Inventory:

Hand Weapons
 a - a +0 hand axe (weapon)
Armour
 b - a +0 animal skin (worn)
Scrolls
 i - a scroll of blinking
 m - 2 scrolls of immolation {unknown}
 n - a scroll of identify {unknown}
 o - a scroll of fear {unknown}
 r - 2 scrolls of remove curse {unknown}
Potions
 d - a potion of curing
 e - a potion of heal wounds
 f - a potion of haste
 g - 2 potions of magic
 h - a potion of berserk rage
 j - a potion of might {unknown}
 l - 2 potions of mutation {unknown}
 p - 3 potions of cure mutation
 q - a potion of flight {unknown}
 t - a potion of cancellation {unknown}
Comestibles
 c - 2 bread rations
 s - a royal jelly


   Skills:
 - Level 3.2 Fighting
 + Level 9.6 Axes
 - Level 2.1 Armour
 - Level 1.5 Dodging


You had 4 spell levels left.
You didn't know any spells.

Dungeon Overview and Level Annotations

Branches:
Dungeon (1/1)

Altars:
Kikubaaqudgha
Sif Muna
Vehumet


Innate Abilities, Weirdness & Mutations

You are resistant to torment.
Your stone body is resilient (AC +4).
You are immune to poison.
You resist negative energy.
You are resistant to electric shocks.
You can survive without breathing.
You are immune to petrification.
You are immune to rotting.


Message History

You hit the ice devil but do no damage. You barely miss the wizard.
The ice devil hits you! The ice devil freezes you!
The red devil hits you from afar with a trident!
* * * LOW HITPOINT WARNING * * *
Unknown command.
You slash the wizard!
The wizard is almost dead.
You hit the ice devil.
The ice devil is lightly wounded.
The wizard hits you with a dagger.
* * * LOW HITPOINT WARNING * * *
Unknown command.
You slash the wizard!
You kill the wizard!
Trog accepts your kill.
Trog appreciates your killing of a magic user.
You hit the ice devil.
The ice devil is lightly wounded.
The ice devil hits you.
You die...

#..#....♣♣♣ ♣♣.#
####....♣.♣ ♣..#
...#....≈.♣♣♣..###+#+###+
...#...≈≈♣.....#.........
..(#..≈≈≈≈.....'.⌠.......
##'#..≈≈≈≈≈≈♣♣.#...#####
)..#.≈≈≈≈≈≈....#.⌠.#
...#.≈≈≈≈≈.....#...#
...#.≈≈≈.......#@###
####...........#4):#
........÷......#K_4#
▓▓▓▓▓▓▓▓▓▓▓▓▓▓▓▓▓▓▓▓


You could see an ice devil, a kobold demonologist and a red devil.

Vanquished Creatures
  A water elemental (D)
  Jessica (D)
  A wizard (D)
  A human (D)
  A wolf (D)
  An ooze (D)
  2 rats (D)
8 creatures vanquished.

Vanquished Creatures (others)
  2 draconian scorchers (D)
  A yaktaur (D)
3 creatures vanquished.

Grand Total: 11 creatures vanquished

Notes
Turn   | Place    | Note
--------------------------------------------------------------
     0 | D        | Moloch the Gargoyle Berserker began the quest for the Orb.
     0 | D        | Reached XP level 1. HP: 14/14 MP: 1/1
     8 | D        | Reached skill level 4 in Axes
    12 | D        | Reached ** piety under Trog
    12 | D        | Killed a yaktaur
   117 | D        | Noticed Jessica
   121 | D        | Killed Jessica
   121 | D        | Reached skill level 6 in Axes
   121 | D        | Reached XP level 2. HP: 19/19 MP: 2/2
   121 | D        | Reached XP level 3. HP: 23/23 MP: 3/3
   179 | D        | Killed a white draconian scorcher
   190 | D        | Killed a white draconian scorcher
   224 | D        | Reached *** piety under Trog
   224 | D        | Reached skill level 7 in Axes
   224 | D        | Reached XP level 4. HP: 28/28 MP: 4/4
   286 | D        | Noticed a water elemental
   293 | D        | Killed a water elemental
   293 | D        | Reached skill level 9 in Axes
   293 | D        | Reached XP level 5. HP: 32/32 MP: 5/5
   356 | D        | Found a radiant altar of Vehumet.
   357 | D        | Found a deep blue altar of Sif Muna.
   357 | D        | Found an ancient bone altar of Kikubaaqudgha.
   358 | D        | Noticed a red devil
   359 | D        | Noticed an ice devil
   364 | D        | Slain by an ice devil

Vault maps used:
D:        dungeon_sprint_mu

Skill      XL: |  1  2  3  4 |
---------------+-------------+-----
Axes           | 6 7 9 |  9.6
Fighting       | |  3.2
Armour         | |  2.1
Dodging        | |  1.5

Action                   |  1- 3 |  4- 6 || total
-------------------------+-------+-------++-------
Melee: Hand axe          |    14 |    10 ||    24
Invok: Berserk           |     3 |     2 ||     5
  Eat: Chunk             |       |     2 ||     2
Armor: Animal skin       |     3 |     2 ||     5
Dodge: Dodged            |     7 |     2 ||     9
